 Dungeon Crawl Stone Soup version 0.25-a0-834-g55863b0b92 (webtiles) character file.

Game seed: 5488502029583189400, levelgen mode: deterministic

16358 Ashen the Destroyer (level 12, -3/111 HPs)
             Began as a Naga Wizard on Apr 22, 2020.
             Was an Elder of Sif Muna.
             Engulfed by an ice statue's freezing vapour (23 damage)
             ... in an ice cave.
             The game lasted 01:40:43 (21877 turns).

Ashen the Destroyer (Naga Wizard)                  Turns: 21877, Time: 01:40:43

Health: -3/111     AC: 11    Str: 10    XL:     12   Next: 36%
Magic:  4/24       EV: 13    Int: 24    God:    Sif Muna [****..]
Gold:   804        SH:  0    Dex: 11    Spells: 3/27 levels left

rFire    . . .     SeeInvis +   E - +2 dagger (venom)
rCold    . . .     Gourm    .   (no shield)
rNeg     . . .     Faith    .   v - +0 steam dragon scales
rPois    +         Spirit   .   q - +0 helmet
rElec    .         Reflect  .   p - +2 cloak
rCorr    +         Harm     .   u - +0 pair of gloves
MR       +....                  (no barding)
Stlth    +.........             L - amulet of regeneration
HPRegen  0.68/turn              I - +2 ring of intelligence
MPRegen  0.19/turn              n - ring of resist corrosion

@: confused, very slow
A: large, see invisible, deformed body, poison resistance, slowness 2, slow
metabolism 1, spit poison 1, AC +4
a: Spit Poison, Channel Magic, Forget Spell, Divine Exegesis, Renounce Religion


You were in an ice cave.
You worshipped Sif Muna.
Sif Muna was greatly pleased with you.
You were hungry.

You visited 3 branches of the dungeon, and saw 14 of its levels.
You also visited: Ice Cave.

You collected 804 gold pieces.

Inventory:

Hand Weapons
 i - a +2 vampiric rapier
 o - a +3 quarterstaff of chaos
 E - a +2 dagger of venom (weapon)
Missiles
 e - 25 poisoned darts (quivered)
Armour
 p - a +2 cloak (worn)
 q - a +0 helmet (worn)
 u - a +0 pair of gloves (worn)
 v - +0 steam dragon scales (worn)
 A - a +2 robe of magic resistance
 D - a +0 troll leather armour
 H - quicksilver dragon scales
Jewellery
 n - a ring of resist corrosion (right hand)
 t - an uncursed ring of positive energy
 I - a +2 ring of intelligence (left hand)
 L - an amulet of regeneration (around neck)
Wands
 j - a wand of random effects (36)
 F - a wand of clouds (3)
 K - a wand of iceblast (4)
Scrolls
 a - 3 scrolls of amnesia
 b - a scroll of magic mapping {unknown}
 f - 3 scrolls of enchant weapon
 h - a scroll of blinking
 l - 4 scrolls of remove curse
 m - 2 scrolls of teleportation
 r - 3 scrolls of enchant armour
 s - a scroll of summoning
 y - 2 scrolls of noise
 C - a scroll of fog
Potions
 g - 2 potions of stabbing
 k - 5 potions of curing
 w - a potion of berserk rage
 x - a potion of flight
 z - a potion of degeneration
 B - a potion of brilliance
 G - 2 potions of mutation
 J - a potion of ambrosia
Comestibles
 d - 25 rations


   Skills:
 + Level 8.2 Fighting
 + Level 7.0 Dodging
 - Level 7.0 Stealth
 + Level 8.1 Spellcasting
 + Level 8.2 Conjurations
 - Level 5.0 Summonings
 - Level 1.0 Translocations
 - Level 7.0 Ice Magic
 - Level 7.0 Invocations


You had 3 spell levels left.
You knew the following spells:

 Your Spells              Type           Power        Failure   Level  Hunger
a - Magic Dart            Conj           ####         1%          1    None
b - Blink                 Tloc           N/A          6%          2    None
c - Call Imp              Summ           ####....     1%          2    None
d - Mephitic Cloud        Conj/Pois/Air  ###.....     6%          3    None
e - Slow                  Hex            #.......     10%         2    None
f - Call Canine Familiar  Summ           ####....     2%          3    None
g - Summon Ice Beast      Ice/Summ       #####...     5%          4    ##.....
h - Frozen Ramparts       Ice            #####.       1%          3    None
i - Hailstorm             Conj/Ice       #####...     2%          4    ##.....

Your spell library contained the following spells:

 Spells                   Type           Power        Failure   Level  Hunger
 Freeze                   Ice            ####         1%          1    None
 Summon Small Mammal      Summ           ####         1%          1    None
 Conjure Flame            Conj/Fire      ####....     3%          3    None
 Ozocubu's Armour         Chrm/Ice       ####....     4%          3    None
 Summon Guardian Golem    Hex/Summ       ###.....     7%          3    None
 Summon Lightning Spire   Summ/Air       ###.....     22%         4    ##.....


Dungeon Overview and Level Annotations

Branches:
Dungeon (11/15)            Temple (1/1) D:6            Lair (2/6) D:8
    Orc (0/2) D:10          IceCv (1/1)
  Swamp: Lair:2-4    Shoals: Lair:2-4     Snake: Lair:2-4    Spider: Lair:2-4

Altars:
Ashenzari
Cheibriados
Dithmenos
Elyvilon
Fedhas
Gozag
Hepliaklqana
Kikubaaqudgha
Makhleb
Nemelex Xobeh
Okawaru
Qazlal
Ru
Sif Muna
Trog
Uskayaw
Vehumet
Wu Jian
Xom
Yredelemnul
Zin
The Shining One

Annotations:
D:4 Grinder
D:6 3 runed translucent doors, surr's ghost, novice MfWz
D:7 exclusion: ice statue
Lair:1 exclusion: oklob plant IceCv exclusion: ice statue


Innate Abilities, Weirdness & Mutations

You cannot wear boots.
Your serpentine skin is tough. (AC +4)
You have supernaturally acute eyesight. (SInv)
Armour fits poorly on your strangely shaped body.
Your system is resistant to poisons. (rPois)
You cover ground very slowly.
You have a slow metabolism.
You can spit poison.


Message History

r - Retreat! s - Stop attacking. g - Guard the area. f - Follow me.
Anything else - Cancel.
Gang up on whom?
Press: ? - help, Dir - move target cursor, f - ice statue
Aim: an ice statue (freezing vapour, severely damaged) Attack!
The ice statue gestures at you. The shard of ice hits you!!
The ice statue gestures at you. The freezing blast engulfs you!!
* * * LOW HITPOINT WARNING * * *
You are confused.
You feel invigorated.
You are engulfed in freezing vapours.
* * * LOW HITPOINT WARNING * * *
Your hound bites the ice statue but does no damage.
Are you sure you want to stumble around while confused and next to your ice beast?
Okay, then.
You are engulfed in freezing vapours.
You die...

#..##...## #.
#...##...### .###
##..####...####°..
#####..####...##°8.
##.##.#..###..##.○h#
#.#..#.≈..##..# #..#
##.#.##..##..####Y○#
#.#.##.÷##...○#○Y○##
#####..####.#○○@☼##
##.## ######## ##..#
#...## ##...# #...##
#...# #÷∩.# ##÷.##


You could see an ice statue, 2 friendly ice beasts and a friendly hound.

Vanquished Creatures
  Harold (D:9)
  A two-headed ogre (D:10)
  Nergalle (D:9)
  A centaur skeleton (D:11)
  3 spiny frogs (Lair:1)
  2 rime drakes (Lair:2)
  A troll (D:9)
  A hornet (D:10)
  3 hippogriffs
  A shadow (D:8)
  Sigmund (D:5)
  A wraith (D:10)
  3 humans
  18 yaks
  4 hogs (D:7)
  Grum (Lair:1)
  Edmund (D:4)
  3 water moccasins (Lair:1)
  A porcupine (Lair:1)
  5 orc warriors
  5 sky beasts
  A hornet zombie (D:11)
  A black bear (D:11)
  11 wolves
  4 ogres
  10 centaurs
  6 crocodiles
  Blork the orc (D:6)
  14 bullfrogs
  A water moccasin skeleton (D:7)
  3 scorpions
  6 killer bees
  5 wights
  2 electric eels (Lair:1)
  2 howler monkeys
  4 crimson imps
  2 bullfrog zombies
  2 quasits
  2 jellies
  A bullfrog skeleton (D:9)
  9 orc priests
  5 hounds
  10 orc wizards
  5 iguanas
  8 worker ants
  2 hound skeletons
  A worker ant zombie (D:9)
  4 gnolls (D:8)
  17 adders
  A shadow imp (D:6)
  An ooze (D:2)
  An adder zombie (D:9)
  3 worms
  2 dart slugs
  4 leopard geckos
  50 orcs
  13 bats
  6 giant cockroaches
  5 goblins
  6 hobgoblins
  3 jackals (D:6)
  4 quokkas
  2 ball pythons
  4 frilled lizards
  A jackal skeleton (D:4)
  10 kobolds
  2 quokka skeletons
  10 rats
  A spectral orc (D:8)
326 creatures vanquished.

Vanquished Creatures (collateral kills)
  A cyclops (D:8)
  Maggie (D:7)
  A troll (D:10)
  Prince Ribbit (D:5)
  A hippogriff (D:7)
  A hungry ghost (D:10)
  A water moccasin (D:6)
  Duvessa (D:4)
  A porcupine (Lair:1)
  4 phantoms
  An ogre (D:5)
  A necrophage (D:4)
  2 wolves
  3 bullfrogs (Lair:1)
  Dowan (D:4)
  A centaur zombie (D:7)
  A hound (D:8)
  2 centaur skeletons
  Crazy Yiuf (D:5)
  An orc wizard (D:8)
  A worker ant (D:4)
  A nameless horror (D:4)
  A worker ant zombie (D:10)
  An adder (D:4)
  A shadow imp (D:10)
  An orc (D:9)
  A giant cockroach (D:7)
  A frilled lizard (D:5)
35 creatures vanquished.

Vanquished Creatures (others)
  A polar bear (IceCv)
  A yak (IceCv)
  A human (D:9)
  A howler monkey (D:9)
  An orc wizard (D:9)
  A fungus (Lair:1)
  A plant (Lair:1)
7 creatures vanquished.

Grand Total: 368 creatures vanquished

Notes
Turn   | Place    | Note
-------+----------+-------------------------------------------
     0 | D:1      | Ashen the Naga Wizard began the quest for the Orb.
     0 | D:1      | Reached XP level 1. HP: 15/15 MP: 4/4
   250 | D:1      | Reached XP level 2. HP: 13/24 MP: 0/6
  1046 | D:1      | Reached XP level 3. HP: 30/30 MP: 4/7
  1474 | D:2      | Reached skill level 1 in Fighting
  1520 | D:2      | Found a glowing golden altar of the Shining One.
  1562 | D:2      | Found a sacrificial altar of Ru.
  1868 | D:2      | Learned a level 2 spell: Blink
  1871 | D:2      | Learned a level 2 spell: Call Imp
  1875 | D:2      | Learned a level 3 spell: Mephitic Cloud
  1894 | D:2      | Found a shadowy altar of Dithmenos.
  2082 | D:2      | Reached XP level 4. HP: 32/38 MP: 9/9
  2888 | D:3      | Reached XP level 5. HP: 25/45 MP: 0/10
  2969 | D:3      | Learned a level 2 spell: Slow
  3687 | D:3      | Found a burning altar of Makhleb.
  4163 | D:4      | Reached skill level 5 in Stealth
  4163 | D:4      | Reached XP level 6. HP: 49/52 MP: 5/11
  4517 | D:4      | Noticed Duvessa
  4534 | D:4      | Noticed Dowan
  4547 | D:4      | Killed Dowan
  4614 | D:4      | Noticed Grinder
  4887 | D:4      | Paralysed by Grinder for 6 turns
  5232 | D:4      | Reached XP level 7. HP: 61/61 MP: 7/13
  5287 | D:4      | Found an ancient bone altar of Kikubaaqudgha.
  5437 | D:4      | Noticed Edmund
  5465 | D:4      | Killed Duvessa
  5615 | D:4      | Learned a level 3 spell: Call Canine Familiar
  5941 | D:4      | Killed Edmund
  6309 | D:5      | Entered Level 5 of the Dungeon
  6355 | D:5      | Noticed Sigmund
  6985 | D:5      | Noticed Prince Ribbit
  7008 | D:5      | Killed Prince Ribbit
  7008 | D:5      | Reached XP level 8. HP: 72/72 MP: 7/15
  7136 | D:5      | Killed Sigmund
  7992 | D:5      | Found a runed translucent door.
  7993 | D:5      | Noticed Crazy Yiuf
  8007 | D:5      | Killed Crazy Yiuf
  8007 | D:5      | Reached skill level 5 in Spellcasting
  8360 | D:6      | Noticed Blork the orc
  8383 | D:6      | Killed Blork the orc
  8486 | D:6      | Found a runed translucent gate.
  8486 | D:6      | Found a runed translucent gate.
  8498 | D:6      | Noticed surr's ghost (novice MfWz)
  8499 | D:6      | Found a runed translucent gate.
  8649 | D:6      | Found a staircase to the Ecumenical Temple.
  8658 | Temple   | Entered the Ecumenical Temple
  8735 | Temple   | Became a worshipper of Sif Muna the Loreminder
  9060 | D:6      | Found an opulent altar of Gozag.
  9754 | D:7      | Noticed an ice statue
  9811 | D:7      | Found a blossoming altar of Fedhas.
 10031 | D:7      | Reached skill level 5 in Conjurations
 10051 | D:7      | Reached XP level 9. HP: 65/78 MP: 17/17
 10109 | D:7      | Reached skill level 5 in Fighting
 10109 | D:7      | Reached skill level 1 in Invocations
 10453 | D:7      | Noticed Maggie
 10470 | D:7      | Killed Maggie
 10643 | D:7      | Learned a level 4 spell: Summon Ice Beast
 10822 | D:7      | Reached skill level 5 in Dodging
 11344 | D:7      | Found a radiant altar of Vehumet.
 11574 | D:8      | Reached * piety under Sif Muna
 11606 | D:8      | Reached XP level 10. HP: 79/89 MP: 12/19
 11978 | D:8      | Reached skill level 5 in Summonings
 12117 | D:8      | Found a white marble altar of Elyvilon.
 12144 | D:8      | Found a basalt altar of Yredelemnul.
 12164 | D:8      | Reached ** piety under Sif Muna
 12345 | D:8      | Found a staircase to the Lair.
 12481 | D:8      | Noticed a cyclops
 12920 | D:8      | Killed a cyclops
 13376 | D:9      | Noticed Harold
 13411 | D:8      | Learned a level 3 spell: Frozen Ramparts
 13727 | D:9      | Found a snail-covered altar of Cheibriados.
 13937 | D:8      | Found an ornate altar of the Wu Jian Council.
 14320 | D:9      | Reached skill level 5 in Invocations
 14363 | D:9      | Reached *** piety under Sif Muna
 14553 | D:9      | Found an ancient bone altar of Kikubaaqudgha.
 14684 | D:9      | Found an iron altar of Okawaru.
 14711 | D:9      | Reached XP level 11. HP: 59/98 MP: 21/21
 15459 | D:10     | Entered Level 10 of the Dungeon
 15477 | D:10     | Noticed Nergalle
 15485 | D:10     | Noticed a two-headed ogre
 15529 | D:9      | Killed Nergalle
 15825 | D:9      | Killed Harold
 16510 | D:10     | Learned a level 4 spell: Hailstorm
 16958 | D:10     | Found a staircase to the Orcish Mines.
 17126 | D:10     | Killed a two-headed ogre
 17500 | D:11     | Noticed a cyan ugly thing
 17606 | D:11     | Reached **** piety under Sif Muna
 18003 | D:11     | Noticed a green ugly thing
 18226 | Lair:1   | Entered Level 1 of the Lair of Beasts
 18662 | Lair:1   | Reached skill level 1 in Ice Magic
 19065 | Lair:1   | Reached XP level 12. HP: 50/108 MP: 14/24
 19444 | Lair:1   | Reached skill level 5 in Ice Magic
 20091 | Lair:1   | Noticed Grum
 20141 | Lair:1   | Killed Grum
 20849 | Lair:2   | Found a frozen archway.
 20901 | IceCv    | Entered an ice cave
 21877 | IceCv    | Engulfed by an ice statue's freezing vapour

Levels and vault maps discovered:
D:1:      scummos_arrival_simple_fountains, layout_basic, st_stairs_7,
          minmay_door_square
D:2:      layout_loops_ring, nicolae_overflow_crystal_walls,
          nicolae_ru_sacrificial_ziggurat, grunt_dithmenos_smoke_and_mirrors
D:3:      layout_loops_corners, lemuel_crystal_altar, first_ration
D:4:      layout_basic, old_standard_altar, uniq_duvessa, uniq_edmund,
          uniq_grinder
D:5:      layout_basic, uniq_sigmund, uniq_prince_ribbit1,
          uniq_crazy_yiuf_cottage
D:6:      layout_loops_ring, grunt_gozag_statues,
          minmay_temple_entry_gardened_gates, gammafunk_ghost_split,
          uniq_blork_the_orc
D:7:      lemuel_ice_statue, layout_loops_corners, kennysheep_mini,
          grunt_livestock, fedhas_altar_2, uniq_maggie
D:8:      minmay_quarter_circles, layout_rooms,
          yredelemnul_forgotten_temple_becter, nicolae_overflow_hidden_temple,
          minmay_misc_feat_tower, elyvilon_altar_3
D:9:      layout_grid_maze, okawaru_humans, cheibrodos_worm_habitat,
          tgw_kikubaaqudgha, uniq_harold
D:10:     layout_long_grid, orc_0_dummy, uniq_nergalle
D:11:     layout_roguey, serial_shops, kennysheep_little_box
Temple:   minmay_temple_forest_path
Lair:1:   statuecave_lemuel, layout_gridlike, beast_lair_carwin_6,
          grunt_megastairs_5, minmay_lair_oklob_chamber, uniq_grum
Lair:2:   layout_loops_ring, portal_ice_cave_rime
IceCv:    ice_cave_caverns_02

Skill      XL: |  1  2  3  4  5  6  7  8  9 10 11 12 |
---------------+-------------------------------------+-----
Fighting       | 1 2 3 4 5 7 8 |  8.2
Dodging        | 2 3 4 5 6 7 |  7.0
Stealth        | 4 5 6 7 |  7.0
Conjurations   | 2 3 5 7 8 |  8.2
Spellcasting   | 4 5 6 7 8 |  8.1
Invocations    | 3 5 7 |  7.0
Summonings     | 4 5 |  5.0
Ice Magic      | 3 7 |  7.0
Translocations | |  1.0

Action                   |  1- 3 |  4- 6 |  7- 9 | 10-12 || total
-------------------------+-------+-------+-------+-------++-------
Melee: Unarmed           |    52 |    43 |   186 |       ||   281
       Dagger            |       |       |   133 |  1094 ||  1227
Throw: Dart              |       |       |       |     2 ||     2
 Cast: Magic Dart        |    75 |   127 |    67 |    17 ||   286
       Call Imp          |       |     6 |    70 |    60 ||   136
       Blink             |       |     2 |     2 |    12 ||    16
       Mephitic Cloud    |       |     1 |    34 |    86 ||   121
       Call Canine Famil |       |       |     6 |    39 ||    45
       Summon Ice Beast  |       |       |       |    28 ||    28
       Hailstorm         |       |       |       |     2 ||     2
       Slow              |       |       |       |     1 ||     1
       Frozen Ramparts   |       |       |       |     1 ||     1
 Abil: Spit Poison       |    16 |    26 |    35 |    30 ||   107
  Use: Potion            |     1 |     3 |       |     3 ||     7
       Scroll            |       |     7 |     1 |    10 ||    18
 Stab: Sleeping          |       |     1 |     5 |     9 ||    15
       Confused          |       |       |    12 |    31 ||    43
       Distracted        |       |       |     4 |    10 ||    14
  Eat: Chunk             |     3 |     8 |     9 |    24 ||    44
       Ration            |       |     1 |     3 |     2 ||     6
Armor: Robe              |    20 |    11 |    53 |     6 ||    90
       Skin              |       |     3 |       |       ||     3
       Steam dragon scal |       |       |    59 |   510 ||   569
Dodge: Dodged            |    58 |    39 |   225 |   786 ||  1108

Table legend:
 A = Non-vault XP
 B = Vault XP
 C = Vault XP percentage of total XP
 D = Non-vault monster count
 E = Vault monster count
 F = Vault count percentage of total count
                 A         B        C        D         E       F
            +---------+---------+-------+---------+---------+-------
      Total |   13365 |   10004 |  42.8 |     289 |      72 |  19.9
            +---------+---------+-------+---------+---------+-------
        D:1 |      37 |       1 |   2.6 |      25 |       1 |   3.8
        D:2 |      65 |       0 |   0.0 |      19 |       0 |   0.0
        D:3 |     166 |       0 |   0.0 |      23 |       0 |   0.0
        D:4 |     407 |     303 |  42.7 |      19 |       3 |  13.6
        D:5 |     498 |     372 |  42.8 |      16 |       3 |  15.8
        D:6 |     278 |     100 |  26.5 |      11 |       1 |   8.3
        D:7 |    1463 |     841 |  36.5 |      30 |       6 |  16.7
        D:8 |     937 |    1795 |  65.7 |      25 |      23 |  47.9
        D:9 |    2129 |    2151 |  50.3 |      48 |       5 |   9.4
       D:10 |    3187 |       0 |   0.0 |      35 |       0 |   0.0
       D:11 |    1513 |       0 |   0.0 |      20 |       0 |   0.0
     Lair:1 |    2580 |    3012 |  53.9 |      17 |      22 |  56.4
     Lair:2 |     105 |     726 |  87.4 |       1 |       2 |  66.7
      IceCv |       0 |     703 | 100.0 |       0 |       6 | 100.0
            +---------+---------+-------+---------+---------+-------
